[Event "Monday Night Engine Tour 13 Rd Swiss 3m+1s Starts at 2200hrs ST"]
[Site "Infinity Chess"]
[Date "2018.4.9"]
[Round "5"]
[White "MarioDeMonti"]
[Black "CoffeeOne"]
[Result "1/2-1/2"]
[ECO "C55"]
[WhiteElo "2513"]
[BlackElo "2512"]
[WhiteEngine "stockfish_x64_bmi2_2018_02_18_CTG"]
[BlackEngine "cfish-extra"]
[EventType "Swiss"]
[WhiteTeam ""]
[BlackTeam ""]
[PlyCount "111"]
[TimeControl "180+1"]

1. e4 e5 2. Nf3 Nc6 3. Bc4 Nf6 4. d3 Bc5 5. c3 d6 6. O-O O-O 7. Bg5 h6 8. Bh4 g5 
9. Bg3 a6 10. Bb3 Ba7 11. Nbd2 Na5 12. Ba4 Nh5 13. b4 Nxg3 14. hxg3 Nc6 
15. Bxc6 bxc6 16. Nb3 Bg4 17. Na5 Qe8 18. Qd2 f6 19. d4 Kg7 20. a4 Be6 21. c4 g4 
22. d5 cxd5 23. cxd5 gxf3 24. dxe6 Qxe6 25. Rac1 Rf7 26. Qd3 fxg2 27. Kxg2 Bb6 
28. Nc6 a5 29. bxa5 Bxa5 30. Rc4 Bb6 31. a5 Bc5 32. Qd5 Qe8 33. Ra1 Ra6 
34. Nb4 Ra8 35. a6 h5 36. Rh1 Rf8 37. Qd1 Rh8 38. Nd5 Qf7 39. Qd3 Ra7 40. Ra4 c6 
41. Ne3 Bxe3 42. Qxe3 d5 43. exd5 cxd5 44. Qf3 e4 45. Qf5 Qd7 46. Qxd7+ Rxd7 
47. g4 h4 48. Kh3 f5 49. gxf5 Kf6 50. Rd1 Kxf5 51. Ra5 Kf4 52. Raxd5 Rxd5 
53. Rxd5 e3 54. fxe3+ Kxe3 55. a7 Ra8 56. Rd1 1/2-1/2

[Event "Monday Night Engine Tour 13 Rd Swiss 3m+1s Starts at 2200hrs ST"]
[Site "Infinity Chess"]
[Date "2018.4.9"]
[Round "5"]
[White "MCDermont"]
[Black "Victorious"]
[Result "1/2-1/2"]
[ECO "C50"]
[WhiteElo "2523"]
[BlackElo "2565"]
[WhiteEngine "BrainFish 090218"]
[BlackEngine "Cfish_x64_060418_LTO_popcnt"]
[EventType "Swiss"]
[WhiteTeam ""]
[BlackTeam ""]
[PlyCount "143"]
[TimeControl "180+1"]

1. e4 e5 2. Nf3 Nc6 3. Bc4 Bc5 4. O-O Nf6 5. d3 d6 6. c3 a5 7. Nbd2 O-O 
8. Re1 h6 9. Nf1 Be6 10. Bb5 Ne7 11. h3 Ba7 12. Ng3 c6 13. Ba4 b5 14. Bc2 a4 
15. d4 Ng6 16. Bd2 Bb6 17. Be3 Bc7 18. Qd2 Re8 19. b3 Qd7 20. bxa4 bxa4 
21. Red1 Qe7 22. c4 d5 23. exd5 cxd5 24. Bxg6 exd4 25. Nxd4 fxg6 26. Nxe6 Qxe6 
27. cxd5 Nxd5 28. Qxd5 Qxd5 29. Rxd5 Bxg3 30. Rb1 Be5 31. Kf1 Bf6 32. Rb4 Reb8 
33. Rdb5 Rc8 34. Rc5 Rxc5 35. Bxc5 Rc8 36. Rb5 Rc7 37. a3 Kf7 38. Ke2 g5 
39. Kd3 Rd7+ 40. Ke3 Be7 41. Bb4 Ra7 42. f3 Kg6 43. Bxe7 Rxe7+ 44. Kf2 Rc7 
45. Rb4 Ra7 46. Rb6+ Kf7 47. Rc6 Ra5 48. Rc7+ Kg6 49. Rb7 h5 50. Rc7 Rd5 
51. Rc6+ Kf7 52. Rc4 Ra5 53. Rc7+ Ke6 54. Ke2 Kf6 55. Rc6+ Ke5 56. Rc4 Kf5 
57. g4+ hxg4 58. hxg4+ Ke5 59. Kd3 Ra6 60. Re4+ Kd6 61. f4 gxf4 62. Rxf4 Ke6 
63. g5 Kd5 64. Kc3 Ke6 65. g6 Ke5 66. Rc4 Ra5 67. Kb4 Ra6 68. Rc1 Rxg6 
69. Kxa4 Ra6+ 70. Kb3 g5 71. Rf1 g4 72. Rf7 1/2-1/2

[Event "Monday Night Engine Tour 13 Rd Swiss 3m+1s Starts at 2200hrs ST"]
[Site "Infinity Chess"]
[Date "2018.4.9"]
[Round "5"]
[White "MGR"]
[Black "koalachess"]
[Result "1/2-1/2"]
[ECO "C11"]
[WhiteElo "2531"]
[BlackElo "2348"]
[WhiteEngine "Raubfisch X38"]
[BlackEngine "stockfish_9_x64_popcnt_CTG"]
[EventType "Swiss"]
[WhiteTeam ""]
[BlackTeam ""]
[PlyCount "227"]
[TimeControl "180+1"]

1. e4 e6 2. d4 d5 3. Nc3 Nf6 4. e5 Nfd7 5. f4 c5 6. Nf3 Nc6 7. Be3 cxd4 
8. Nxd4 Qb6 9. Qd2 Qxb2 10. Rb1 Qa3 11. Bb5 Nxd4 12. Bxd4 a6 13. Bxd7+ Bxd7 
14. Rb3 Qe7 15. Rxb7 Rc8 16. O-O Qd8 17. f5 exf5 18. Qd3 Bc5 19. Bxc5 Rxc5 
20. Nxd5 Bc8 21. Re7+ Kf8 22. Qa3 Qa5 23. Qxa5 Rxa5 24. Rc7 Be6 25. Nf4 Rxe5 
26. Nxe6+ Rxe6 27. Rxf5 Re7 28. Rc8+ Re8 29. Rc7 Re7 30. Rc8+ Re8 31. Rfc5 Ke7 
32. R8c6 g6 33. a4 Ra8 34. Rc7+ Kf6 35. Rc4 Kg7 36. h4 Rhf8 37. Kh2 Rab8 
38. Kh3 Rb1 39. Rf4 Rb2 40. Rfc4 a5 41. g4 Rb1 42. Kg3 h6 43. h5 g5 44. R7c5 Re8 
45. Rxa5 Rf1 46. Ra6 Rfe1 47. Ra7 R8e3+ 48. Kf2 R3e2+ 49. Kg3 Re3+ 50. Kf2 R1e2+ 
51. Kf1 Rd2 52. Rac7 Rh3 53. Ke1 Rhh2 54. Re7 Rxc2 55. Rxc2 Rxc2 56. a5 Rc4 
57. a6 Rxg4 58. Rd7 Ra4 59. Rd6 Ra2 60. Rc6 g4 61. Kf1 Ra5 62. Rd6 Rxh5 
63. Rd4 Ra5 64. Rxg4+ Kf6 65. a7 Rxa7 66. Rg8 Ra2 67. Rg3 Ra5 68. Rb3 Kg5 
69. Rb2 h5 70. Rb7 Rf5+ 71. Kg2 h4 72. Kh3 Rf3+ 73. Kh2 Kg4 74. Rb4+ Rf4 
75. Rb2 h3 76. Rb8 Rf2+ 77. Kg1 Rg2+ 78. Kh1 Rf2 79. Ra8 Rf4 80. Rg8+ Kf3 
81. Kh2 Rh4 82. Rg3+ Ke2 83. Rg5 f6 84. Rf5 Rh6 85. Rf4 Ke3 86. Rf5 Ke4 
87. Rb5 Kd4 88. Rb6 Kd5 89. Rb5+ Ke6 90. Rb6+ Ke7 91. Rb7+ Ke6 92. Rb6+ Ke7 
93. Rb7+ Kd6 94. Rb6+ Kd7 95. Rb3 Kd6 96. Rb6+ Ke5 97. Rb5+ Ke4 98. Rb4+ Kf5 
99. Rb5+ Ke4 100. Rb1 Ke5 101. Rb3 Rh4 102. Rb6 Rh7 103. Rb5+ Kf4 104. Rb4+ Kg5 
105. Rb5+ Kg4 106. Rb4+ Kg5 107. Rb5+ f5 108. Rb3 Kf4 109. Ra3 Rh4 110. Rb3 Rh7 
111. Rb4+ Kg5 112. Rb3 Rh5 113. Ra3 Kg4 114. Rg3+ 1/2-1/2

[Event "Monday Night Engine Tour 13 Rd Swiss 3m+1s Starts at 2200hrs ST"]
[Site "Infinity Chess"]
[Date "2018.4.9"]
[Round "5"]
[White "THE_MACHINE"]
[Black "Coco69"]
[Result "1/2-1/2"]
[ECO "C50"]
[WhiteElo "2587"]
[BlackElo "2466"]
[WhiteEngine "BrainFish_180408_x64_bmi2"]
[BlackEngine "asmFishW_2018-04-08_popcnt_CTG"]
[EventType "Swiss"]
[WhiteTeam ""]
[BlackTeam ""]
[PlyCount "161"]
[TimeControl "180+1"]

1. e4 e5 2. Nf3 Nc6 3. Bc4 Bc5 4. O-O Nf6 5. d3 d6 6. c3 a5 7. Nbd2 O-O 
8. Re1 h6 9. Nf1 a4 10. h3 Ra5 11. Ng3 Bb6 12. Rb1 Be6 13. Bxe6 fxe6 
14. Be3 Bxe3 15. Rxe3 Nh7 16. Qe2 Rf7 17. Rd1 Nf8 18. d4 Ng6 19. Qd2 Qa8 
20. Ne2 Qa7 21. Qc2 Qb6 22. Nd2 Ra8 23. Rg3 exd4 24. cxd4 Nf4 25. Nxf4 Rxf4 
26. Nc4 Qa7 27. Qc3 Ne7 28. Rg4 Rf7 29. Nd2 Qb6 30. Nf3 Kh7 31. Qc2 Qc6 
32. Qb1 Kh8 33. Rc1 Qb6 34. Rc2 Raf8 35. Qd1 Qa5 36. Rc4 Ra8 37. Rc2 Raf8 
38. Rc4 Ra8 39. a3 c6 40. Rc3 Raf8 41. Rc4 b5 42. Rc2 Qa7 43. Qd3 Qd7 44. e5 d5 
45. Nh4 Rg8 46. Ng6+ Nxg6 47. Qxg6 Rc8 48. Qd3 Qe7 49. Rc5 Rcf8 50. f3 Rc8 
51. Qc2 Qe8 52. Kh2 Rf8 53. Qc1 Qf7 54. Kg3 Kh7 55. h4 Qe8 56. Kh3 Rf7 
57. Qc2+ Kh8 58. Qb1 Rf5 59. Qc1 Qf7 60. Kg3 Qe8 61. Qc2 Kg8 62. Qc1 Kh8 
63. Qb1 Qe7 64. Qe1 h5 65. Rf4 Rxf4 66. Kxf4 g5+ 67. Kg3 Kh7 68. Kh3 Qg7 
69. Qg3 Kh6 70. hxg5+ Qxg5 71. Qxg5+ Kxg5 72. g3 Rc7 73. Rc1 Rc8 74. Rc5 Rc7 
75. f4+ Kf5 76. Kh4 Rc8 77. Rc1 Rc7 78. Rc3 Rc8 79. Rc1 Rc7 80. Rc2 Rc8 81. Rc1 
1/2-1/2

[Event "Monday Night Engine Tour 13 Rd Swiss 3m+1s Starts at 2200hrs ST"]
[Site "Infinity Chess"]
[Date "2018.4.9"]
[Round "5"]
[White "OlivierEvan"]
[Black "ocirema"]
[Result "1/2-1/2"]
[ECO "A06"]
[WhiteElo "2488"]
[BlackElo "2514"]
[WhiteEngine "Houdini 6"]
[BlackEngine "asmFishW_2018-04-08_popcnt_CTG"]
[EventType "Swiss"]
[WhiteTeam ""]
[BlackTeam ""]
[PlyCount "124"]
[TimeControl "180+1"]

1. Nf3 d5 2. b3 Nf6 3. Bb2 e6 4. e3 Nbd7 5. d4 b6 6. Bd3 Bd6 7. Ne5 O-O 
8. O-O Bb7 9. Qe2 Rc8 10. Nd2 c5 11. f4 Qe7 12. a4 cxd4 13. exd4 Bb4 14. a5 bxa5 
15. Rfc1 Qd8 16. c3 Be7 17. c4 dxc4 18. bxc4 Bb4 19. Rf1 Rb8 20. Ndf3 Qc7 
21. Ra2 Rbc8 22. Ne1 Nb8 23. Rf2 Nc6 24. N1f3 Ne7 25. Ra1 Rb8 26. h3 Ba8 
27. Kh2 h6 28. Nh4 Rfd8 29. g3 Re8 30. Qe3 Nc6 31. Nhf3 Bf8 32. Nxc6 Bxc6 
33. Ne5 Ba8 34. c5 Nd5 35. Qe1 Rb4 36. Qe4 g6 37. Nxg6 Bg7 38. Ne5 Reb8 
39. Nc4 Rb3 40. Ra3 Ne7 41. Qh7+ Kf8 42. Rxb3 Rxb3 43. Be4 Bxe4 44. Qxe4 Kg8 
45. Qc2 a4 46. Nd2 Rb8 47. Nc4 Qd8 48. Nd6 Rb3 49. Rg2 Qd7 50. Qd1 Nc8 
51. Nxc8 Qxc8 52. Qc2 Qc6 53. f5 exf5 54. Qxf5 a3 55. Ba1 Rf3 56. Qc2 Bf8 
57. Qc4 h5 58. h4 Be7 59. Qe2 Bf6 60. Qc4 Be7 61. Qe2 Bf6 62. Qc4 Be7 1/2-1/2

[Event "Monday Night Engine Tour 13 Rd Swiss 3m+1s Starts at 2200hrs ST"]
[Site "Infinity Chess"]
[Date "2018.4.9"]
[Round "4"]
[White "Vimtiroba"]
[Black "BlitzMaster"]
[Result "1/2-1/2"]
[ECO "D02"]
[WhiteElo "2527"]
[BlackElo "2535"]
[WhiteEngine "SF9 ''A6''_CTG"]
[BlackEngine "asmFishW_2018-04-01_bmi2_CTG"]
[EventType "Swiss"]
[WhiteTeam ""]
[BlackTeam ""]
[PlyCount "127"]
[TimeControl "180+1"]

1. d4 d5 2. Nf3 Nf6 3. c4 e6 4. Nc3 c6 5. e3 Nbd7 6. Qc2 Bd6 7. Bd3 O-O 
8. O-O dxc4 9. Bxc4 a6 10. Rd1 b5 11. Bd3 Bb7 12. Ng5 h6 13. Nge4 Bc7 14. a3 Qe7 
15. b4 a5 16. bxa5 Bxa5 17. Bb2 Rfc8 18. Rac1 Nd5 19. Qb3 Re8 20. g3 Rec8 
21. Bb1 Bb6 22. h4 Ba6 23. Nxd5 cxd5 24. Nd2 Ba5 25. Rxc8+ Rxc8 26. Qd3 Nf6 
27. Nb3 Bb6 28. Qe2 Ne4 29. Bxe4 dxe4 30. d5 e5 31. Qg4 Rc2 32. Rd2 Rxd2 
33. Nxd2 Bb7 34. Qxe4 f6 35. Qd3 Qc5 36. d6 Qc6 37. Kf1 Ba5 38. Ke2 Ba6 
39. Kd1 b4 40. Qb3+ Kf8 41. d7 Qxd7 42. axb4 Bd8 43. Bc3 g5 44. Kc1 gxh4 
45. gxh4 Be7 46. Qa2 Qc6 47. Qc2 Qd7 48. Qe4 Bd3 49. Qa8+ Kf7 50. f3 Kg7 
51. Kb2 Qb5 52. Qa5 Qb7 53. e4 Kf8 54. Kb3 Be2 55. Kb2 Qd7 56. Qa8+ Kg7 
57. h5 Qb5 58. Qa7 Kf7 59. Kc1 Qd3 60. Qc7 Kf8 61. Qc8+ Kf7 62. Qc7 Ke8 
63. Qc8+ Kf7 64. Qc7 1/2-1/2

[Event "Monday Night Engine Tour 13 Rd Swiss 3m+1s Starts at 2200hrs ST"]
[Site "Infinity Chess"]
[Date "2018.4.9"]
[Round "4"]
[White "Coco69"]
[Black "star99"]
[Result "1-0 "]
[ECO "C50"]
[WhiteElo "2449"]
[BlackElo "2462"]
[WhiteEngine "asmFishW_2018-04-08_popcnt_CTG"]
[BlackEngine "Cryptic Heroes 9.3B"]
[EventType "Swiss"]
[WhiteTeam ""]
[BlackTeam ""]
[PlyCount "132"]
[TimeControl "180+1"]

1. e4 e5 2. Nf3 Nc6 3. Bc4 Bc5 4. O-O Nf6 5. d3 a5 6. c3 d6 7. Re1 O-O 
8. Nbd2 h6 9. Nf1 a4 10. Ng3 Ra5 11. h3 b5 12. b4 axb3 13. Bxb3 Be6 14. Rb1 Bb6 
15. d4 Bxb3 16. axb3 Re8 17. Be3 Ra2 18. Rc1 exd4 19. cxd4 Nb4 20. d5 Qb8 
21. Nh4 Kh7 22. Nhf5 Re5 23. f4 Re8 24. Kh2 Qb7 25. Bd4 Nbxd5 26. Ra1 Rxa1 
27. Bxa1 Bf2 28. Re2 Bxg3+ 29. Nxg3 Nxf4 30. Rf2 Ng6 31. Bxf6 gxf6 32. Qd2 Re5 
33. Rxf6 Kg7 34. Qf2 c5 35. Nf5+ Rxf5 36. Rxf5 b4 37. Rd5 Qe7 38. Qg3 Qxe4 
39. Qxd6 Nf4 40. Qe5+ Qxe5 41. Rxe5 Ne6 42. g4 Kf6 43. Rh5 Kg7 44. h4 Kh7 
45. g5 Nd4 46. Rxh6+ Kg8 47. Rb6 Nxb3 48. Rc6 Kg7 49. Kh3 Nd2 50. Rxc5 f6 
51. gxf6+ Kxf6 52. Rc2 Ne4 53. Rb2 Kg6 54. Rxb4 Nf6 55. Kg3 Kf7 56. Rb1 Kg6 
57. Rb5 Nh5+ 58. Kg4 Nf6+ 59. Kf4 Nh5+ 60. Ke5 Ng3 61. Rb2 Kh6 62. Kf4 Nh5+ 
63. Kf5 Ng3+ 64. Kg4 Ne4 65. Rb6+ Kg7 66. Kf5 Ng3+ 1-0

[Event "Monday Night Engine Tour 13 Rd Swiss 3m+1s Starts at 2200hrs ST"]
[Site "Infinity Chess"]
[Date "2018.4.9"]
[Round "4"]
[White "Dovahkiin"]
[Black "OlivierEvan"]
[Result "0-1 "]
[ECO "B06"]
[WhiteElo "2453"]
[BlackElo "2473"]
[WhiteEngine "Raubfisch ME262_GTZ16f_CTG"]
[BlackEngine "Houdini 6"]
[EventType "Swiss"]
[WhiteTeam ""]
[BlackTeam ""]
[PlyCount "155"]
[TimeControl "180+1"]

1. e4 g6 2. d4 Bg7 3. Nc3 d6 4. Nf3 a6 5. Be2 Nf6 6. O-O O-O 7. a4 Bg4 
8. h3 Bxf3 9. Bxf3 Nc6 10. Ne2 a5 11. Re1 e5 12. d5 Nb4 13. c3 Na6 14. g4 Nd7 
15. Ng3 Qh4 16. Kg2 Bh6 17. Bxh6 Qxh6 18. Rh1 Qf4 19. h4 f5 20. exf5 gxf5 
21. Nxf5 h5 22. Qc1 Qxc1 23. Raxc1 Nac5 24. Be2 hxg4 25. Ne3 Rf4 26. Bxg4 Nf6 
27. f3 Kh8 28. Rb1 Nxa4 29. Rhf1 Rf8 30. Kg3 Nc5 31. Ng2 Nfe4+ 32. Kh2 R4f6 
33. Rbd1 Nb3 34. Rd3 Rg8 35. Re3 Ned2 36. Rh1 Nc4 37. Re2 Nbd2 38. b3 Nxb3 
39. Rd1 a4 40. h5 Kh7 41. Nh4 Rg5 42. Ng6 Kh6 43. Kg3 Rff5 44. Nh4 Rf7 
45. Rb1 Rf4 46. Rd1 a3 47. Ng2 Rf8 48. Nh4 b5 49. Kh3 Nc5 50. Ng6 Rf7 
51. Rb1 Na4 52. Rc1 Rxh5+ 53. Nh4 Rg5 54. Ng2 Nc5 55. Rd1 e4 56. f4 Rg6 
57. Nh4 Rg8 58. Nf5+ Kg6 59. Nh4+ Kf6 60. Be6 Nxe6 61. dxe6 Re7 62. f5 Reg7 
63. Rxe4 Rg3+ 64. Kh2 Rxc3 65. e7 Re3 66. Rxe3 Nxe3 67. Re1 Ng4+ 68. Kh3 Ne5 
69. Rb1 c6 70. Rb3 Nc4 71. Rb1 c5 72. Rc1 Kxe7 73. Ng6+ Kf6 74. Nf4 Ne3 
75. Re1 a2 76. Ra1 Ra8 77. Ne2 Nc2 78. Rc1 0-1

[Event "Monday Night Engine Tour 13 Rd Swiss 3m+1s Starts at 2200hrs ST"]
[Site "Infinity Chess"]
[Date "2018.4.9"]
[Round "4"]
[White "RonWeasley"]
[Black "Thinker"]
[Result "1/2-1/2"]
[ECO "E20"]
[WhiteElo "2519"]
[BlackElo "2508"]
[WhiteEngine "BrainFish 090218_CTG"]
[BlackEngine "BrainFish_180404_x64_modern_CTG"]
[EventType "Swiss"]
[WhiteTeam ""]
[BlackTeam ""]
[PlyCount "130"]
[TimeControl "180+1"]

1. d4 Nf6 2. c4 e6 3. Nc3 d5 4. Nf3 Be7 5. Bf4 O-O 6. e3 Nbd7 7. c5 c6 8. Bd3 b6 
9. b4 a5 10. a3 Nh5 11. Be5 f6 12. Bg3 axb4 13. axb4 Rxa1 14. Qxa1 e5 
15. Qa7 bxc5 16. bxc5 Re8 17. Qa4 Qc7 18. O-O Kh8 19. Nd2 Nxg3 20. hxg3 Bb7 
21. Ra1 e4 22. Be2 Ra8 23. Qd1 Rxa1 24. Qxa1 g6 25. g4 Nb8 26. Qa7 Bd8 
27. Ncxe4 dxe4 28. Nxe4 Ba6 29. Qxc7 Bxc7 30. Bxa6 Nxa6 31. Nxf6 Kg7 32. g5 h5 
33. g3 Kf7 34. f4 Ke7 35. Kf2 Ke6 36. Kf3 Nb4 37. Ne8 Bb8 38. Nf6 Bc7 
39. Ne8 Bb8 40. Kf2 Nd5 41. e4 Nxf4 42. gxf4 Bxf4 43. Kf3 Bxg5 44. Nc7+ Kd7 
45. Na6 Bf6 46. d5 cxd5 47. exd5 Be7 48. d6 Bd8 49. Ke4 Ke6 50. Nb4 g5 
51. Nd3 Bf6 52. Nf2 Bd8 53. Nh3 Bf6 54. Nf2 g4 55. Nd3 h4 56. Nf4+ Kf7 
57. Kf5 h3 58. c6 h2 59. c7 h1=Q 60. c8=Q Qb1+ 61. Kxg4 Qg1+ 62. Kf3 Qf1+ 
63. Kg4 Qg1+ 64. Kf3 Qh1+ 65. Kg4 Qg1+ 1/2-1/2

[Event "Monday Night Engine Tour 13 Rd Swiss 3m+1s Starts at 2200hrs ST"]
[Site "Infinity Chess"]
[Date "2018.4.9"]
[Round "4"]
[White "CoffeeOne"]
[Black "Deep_Impact"]
[Result "1/2-1/2"]
[ECO "C55"]
[WhiteElo "2512"]
[BlackElo "2518"]
[WhiteEngine "cfish-extra"]
[BlackEngine "asmFishW_2018-04-07_bmi2"]
[EventType "Swiss"]
[WhiteTeam ""]
[BlackTeam ""]
[PlyCount "130"]
[TimeControl "180+1"]

1. e4 e5 2. Nf3 Nc6 3. Bc4 Nf6 4. d3 Bc5 5. c3 a5 6. O-O d6 7. Nbd2 O-O 
8. Re1 h6 9. Nf1 Be6 10. Bb5 Ne7 11. h3 Ba7 12. Ng3 c6 13. Ba4 b5 14. Bc2 a4 
15. d4 Ng6 16. Bd2 Bb6 17. Be3 Re8 18. b3 axb3 19. axb3 Rxa1 20. Qxa1 Qc7 
21. b4 Qb7 22. Qb1 Ra8 23. Qc1 Qb8 24. Nf5 Bc7 25. Bd3 Ra4 26. g3 Qa8 
27. dxe5 dxe5 28. Nh2 Bxf5 29. exf5 Ne7 30. Ng4 Nxg4 31. hxg4 Nd5 32. g5 hxg5 
33. Bc5 Qd8 34. Be4 Bd6 35. Bxd5 cxd5 36. Bxd6 Qxd6 37. Qxg5 f6 38. Qh5 Ra8 
39. Kg2 Qc6 40. Qf3 Rd8 41. Rh1 Ra8 42. Rb1 Kf7 43. Rd1 Rd8 44. Kg1 Qd7 
45. g4 d4 46. cxd4 exd4 47. Rd3 Kf8 48. Qe4 Kf7 49. Kg2 Kf8 50. Kg1 Kf7 
51. Kg2 Kf8 52. Kf3 Qd6 53. Qb7 Qxb4 54. Qb6 Ke7 55. Qb7+ Kf8 56. Qb6 Qd6 
57. Qxb5 Qh2 58. Qc4 Qh1+ 59. Kf4 Qh2+ 60. Kf3 Qh3+ 61. Kf4 Qg2 62. Qb4+ Kf7 
63. Qc4+ Kf8 64. Qb4+ Kf7 65. Qc4+ Kf8 1/2-1/2

[Event "Monday Night Engine Tour 13 Rd Swiss 3m+1s Starts at 2200hrs ST"]
[Site "Infinity Chess"]
[Date "2018.4.9"]
[Round "4"]
[White "SkyPilot"]
[Black "MarioDeMonti"]
[Result "1/2-1/2"]
[ECO "C53"]
[WhiteElo "2524"]
[BlackElo "2513"]
[WhiteEngine "stockfish_x64_bmi2_2018_04_07_CTG"]
[BlackEngine "stockfish_x64_bmi2_2018_02_18_CTG"]
[EventType "Swiss"]
[WhiteTeam ""]
[BlackTeam ""]
[PlyCount "56"]
[TimeControl "180+1"]

1. e4 e5 2. Nf3 Nc6 3. Bc4 Bc5 4. c3 Nf6 5. d3 d6 6. O-O O-O 7. Bg5 h6 8. Bh4 a6 
9. Nbd2 Ba7 10. Bb3 Na5 11. Ba4 g5 12. Bg3 Nh5 13. b4 Nxg3 14. hxg3 b5 
15. Bc2 Nc6 16. a4 Bd7 17. Bb3 Bb6 18. axb5 axb5 19. Rxa8 Qxa8 20. Nxg5 hxg5 
21. Qh5 Kg7 22. Qxg5+ Kh7 23. g4 Qe8 24. Qh4+ Kg7 25. Qg5+ Kh7 26. Qh4+ Kg6 
27. Qh5+ Kg7 28. Qg5+ Kh7 1/2-1/2

[Event "Monday Night Engine Tour 13 Rd Swiss 3m+1s Starts at 2200hrs ST"]
[Site "Infinity Chess"]
[Date "2018.4.9"]
[Round "4"]
[White "Victorious"]
[Black "MGR"]
[Result "1/2-1/2"]
[ECO "C50"]
[WhiteElo "2567"]
[BlackElo "2529"]
[WhiteEngine "Cfish_x64_060418_LTO_popcnt"]
[BlackEngine "Raubfisch X38"]
[EventType "Swiss"]
[WhiteTeam ""]
[BlackTeam ""]
[PlyCount "38"]
[TimeControl "180+1"]

1. e4 e5 2. Nf3 Nc6 3. Bc4 Bc5 4. O-O Nf6 5. d3 d6 6. c3 a5 7. Bb5 Ba7 8. h3 h6 
9. Re1 O-O 10. Nbd2 Ne7 11. d4 Ng6 12. a4 c6 13. Bd3 Re8 14. Bb1 Bb6 15. Bc2 Bc7 
16. Rb1 Rb8 17. Ra1 Ra8 18. Rb1 Rb8 19. Ra1 Ra8 1/2-1/2

[Event "Monday Night Engine Tour 13 Rd Swiss 3m+1s Starts at 2200hrs ST"]
[Site "Infinity Chess"]
[Date "2018.4.9"]
[Round "4"]
[White "koalachess"]
[Black "MCDermont"]
[Result "1/2-1/2"]
[ECO "C58"]
[WhiteElo "2340"]
[BlackElo "2531"]
[WhiteEngine "stockfish_9_x64_popcnt_CTG"]
[BlackEngine "BrainFish 090218"]
[EventType "Swiss"]
[WhiteTeam ""]
[BlackTeam ""]
[PlyCount "187"]
[TimeControl "180+1"]

1. e4 e5 2. Nf3 Nc6 3. Bc4 Nf6 4. Ng5 d5 5. exd5 Na5 6. Bb5+ c6 7. dxc6 bxc6 
8. Qf3 Be7 9. Bd3 O-O 10. Nc3 Rb8 11. O-O Rb4 12. Qd1 h6 13. a3 Rg4 14. Nge4 Nb3 
15. Nxf6+ Bxf6 16. Be2 Nxa1 17. Bxg4 Bxg4 18. Qxg4 Nxc2 19. d3 Bg5 20. Qa4 Bxc1 
21. Qxc2 Bg5 22. Re1 Qd4 23. Re4 Qd6 24. Ra4 Qd7 25. Ne4 Be7 26. Ra5 Rd8 
27. Rxe5 Qxd3 28. Qxd3 Rxd3 29. Kf1 Kf8 30. Nc3 Rd2 31. Re2 Rd4 32. Ke1 Bf6 
33. Ne4 Be7 34. Nd2 Bf6 35. Kd1 Rd5 36. Kc2 Rc5+ 37. Kb1 Re5 38. Ne4 Bd8 
39. f3 f5 40. Ng3 Rd5 41. Rc2 g6 42. Ne2 Rd6 43. Nc1 Ke7 44. Ka2 h5 45. b4 g5 
46. h3 Rd5 47. Nb3 Rd6 48. Nd2 Kd7 49. Nc4 Rd5 50. Kb3 Rd3+ 51. Ka4 Bc7 
52. Re2 h4 53. Ne3 Ke6 54. Ng4+ Kd7 55. Nf6+ Kc8 56. Ng8 Kd7 57. Nf6+ Kd6 
58. Ne8+ Kd7 59. Ng7 Bf4 60. Nxf5 Bc1 61. Ra2 Ke6 62. Nh6 Kd5 63. Nf5 Ke6 
64. Ng7+ Kf6 65. Ne8+ Ke5 66. b5 Rd4+ 67. Ka5 Rd2 68. Ra1 Rc2 69. b6 axb6+ 
70. Kxb6 Be3+ 71. Kc7 Rxg2 72. a4 Rh2 73. Nd6 Ba7 74. Re1+ Kf4 75. Nf7 Be3 
76. Nxg5 Ra2 77. Kxc6 Bf2 78. Ne6+ Kxf3 79. Rb1 Rxa4 80. Rb3+ Kg2 81. Kd7 Ra7+ 
82. Ke8 Bg3 83. Ng5 Ra5 84. Rb2+ Bf2 85. Ne6 Rf5 86. Nd4 Rf4 87. Ne6 Rf5 
88. Nd4 Rf6 89. Ke7 Kxh3 90. Rb3+ Kg4 91. Kxf6 Bxd4+ 92. Kf7 Bf2 93. Rb1 h3 
94. Rh1 1/2-1/2

[Event "Monday Night Engine Tour 13 Rd Swiss 3m+1s Starts at 2200hrs ST"]
[Site "Infinity Chess"]
[Date "2018.4.9"]
[Round "4"]
[White "ocirema"]
[Black "THE_MACHINE"]
[Result "1/2-1/2"]
[ECO "E10"]
[WhiteElo "2511"]
[BlackElo "2590"]
[WhiteEngine "asmFishW_2018-04-08_popcnt_CTG"]
[BlackEngine "BrainFish_180408_x64_bmi2"]
[EventType "Swiss"]
[WhiteTeam ""]
[BlackTeam ""]
[PlyCount "117"]
[TimeControl "180+1"]

1. d4 Nf6 2. c4 e6 3. Nf3 d5 4. Nc3 dxc4 5. e4 Bb4 6. Bg5 c5 7. Bxc4 cxd4 
8. Nxd4 Bxc3+ 9. bxc3 Qa5 10. Bb5+ Bd7 11. Bxf6 gxf6 12. Bxd7+ Nxd7 13. O-O a6 
14. Rb1 Qc7 15. Qh5 Nc5 16. Rb4 Qe5 17. Qh4 Rd8 18. Rfb1 h5 19. Rc4 Qxe4 
20. Qxe4 Nxe4 21. Nxe6 fxe6 22. Rxe4 Rd6 23. g3 Rh7 24. Rf4 f5 25. Rfb4 Rdd7 
26. Kf1 Rc7 27. a4 Rhe7 28. R1b3 Kf7 29. Ke2 Kf6 30. Kd2 Rh7 31. h4 Rhf7 
32. Rd4 Rfe7 33. Rbb4 Rc5 34. Rd8 Rec7 35. Rf8+ Ke5 36. f4+ Kd6 37. Rd8+ Kc6 
38. Rbd4 Kb6 39. Rd3 Rc4 40. Re8 R7c6 41. Kc2 Rxa4 42. Re3 Kb5 43. R8xe6 Kc4 
44. Re7 b6 45. Kb2 Rc5 46. R3e5 Rxe5 47. Rxe5 Ra5 48. Re6 Rd5 49. Rc6+ Rc5 
50. Rh6 Ra5 51. Rc6+ Rc5 52. Rd6 Ra5 53. Re6 Rb5+ 54. Kc2 a5 55. Rd6 Kc5 
56. Rf6 Kc4 57. Rd6 Kc5 58. Rh6 Kc4 59. Rd6 1/2-1/2

[Event "Monday Night Engine Tour 13 Rd Swiss 3m+1s Starts at 2200hrs ST"]
[Site "Infinity Chess"]
[Date "2018.4.9"]
[Round "3"]
[White "star99"]
[Black "TasicV"]
[Result "1/2-1/2"]
[ECO "C24"]
[WhiteElo "2468"]
[BlackElo "2318"]
[WhiteEngine "Cryptic Heroes 9.3B"]
[BlackEngine "SugaR.XPrO.1.4.64.POCNT_CTG"]
[EventType "Swiss"]
[WhiteTeam ""]
[BlackTeam ""]
[PlyCount "130"]
[TimeControl "180+1"]

1. e4 e5 2. Bc4 Nf6 3. d3 Nc6 4. Nf3 Bc5 5. c3 d6 6. O-O O-O 7. a4 Bb6 
8. Nbd2 h6 9. Re1 a5 10. Bb3 Re8 11. Nc4 Bc5 12. Be3 b6 13. Rc1 Bd7 14. d4 exd4 
15. cxd4 Bb4 16. Ncd2 Ne7 17. d5 Ng6 18. Qc2 Rc8 19. Bc4 Ng4 20. Bd4 N4e5 
21. Bc3 Bc5 22. Ba6 Ra8 23. Bf1 Qf6 24. Bb5 Bxb5 25. axb5 Qf4 26. Nd4 a4 
27. N2f3 a3 28. b4 Bxd4 29. Nxd4 Qg5 30. Kh1 h5 31. Rf1 h4 32. Bd2 Qf6 
33. f3 Nf4 34. Ra1 Ned3 35. Bc3 Nxb4 36. Qd2 Nbxd5 37. exd5 Nxd5 38. Ne2 Qf5 
39. Bd4 Ra4 40. Bg1 h3 41. gxh3 Qxh3 42. Rf2 Qf5 43. Nc3 Nxc3 44. Qxc3 Qxb5 
45. Qxc7 Re2 46. Qc8+ Kh7 47. Rc1 Kg6 48. Qh3 Qb2 49. Qg3+ Kh7 50. Rxe2 Qxe2 
51. Qh3+ Kg6 52. Bxb6 a2 53. Rg1+ Kf6 54. Ra1 Ke7 55. Qg2 Qxg2+ 56. Kxg2 Ke6 
57. Kf2 Kd5 58. Ke3 Kc4 59. Rc1+ Kb3 60. Bd4 Rxd4 61. Kxd4 Kb2 62. Rg1 a1=Q 
63. Rxa1 Kxa1 64. Kd5 Kb2 65. Kxd6 Kc3 1/2-1/2

[Event "Monday Night Engine Tour 13 Rd Swiss 3m+1s Starts at 2200hrs ST"]
[Site "Infinity Chess"]
[Date "2018.4.9"]
[Round "3"]
[White "Dovahkiin"]
[Black "Coco69"]
[Result "1/2-1/2"]
[ECO "C50"]
[WhiteElo "2453"]
[BlackElo "2449"]
[WhiteEngine "Raubfisch ME262_GTZ16f_CTG"]
[BlackEngine "asmFishW_2018-04-08_popcnt_CTG"]
[EventType "Swiss"]
[WhiteTeam ""]
[BlackTeam ""]
[PlyCount "86"]
[TimeControl "180+1"]

1. e4 e5 2. Nf3 Nc6 3. Bc4 Bc5 4. O-O Nf6 5. d3 d6 6. c3 a5 7. Bg5 Ba7 
8. Nbd2 h6 9. Bh4 Qe7 10. Bb5 g5 11. Bg3 O-O 12. Nc4 Nh5 13. Bxc6 bxc6 
14. Nxa5 Nxg3 15. hxg3 Bd7 16. Qd2 f6 17. Nc4 Qh7 18. Ne3 h5 19. a4 h4 
20. g4 Bxe3 21. Qxe3 Bxg4 22. a5 Kf7 23. d4 Ke8 24. Nd2 Be6 25. f3 Qh5 
26. b4 Rg8 27. c4 g4 28. d5 Bc8 29. fxg4 Qxg4 30. Rf2 cxd5 31. cxd5 h3 
32. g3 Qxg3+ 33. Qxg3 Rxg3+ 34. Kh2 Rg4 35. Rc1 Kd8 36. Rxf6 Rg2+ 37. Kh1 Rxd2 
38. Rf8+ Ke7 39. Rcf1 Rd1 40. R8f7+ Ke8 41. Rf8+ Ke7 42. R8f7+ Ke8 43. Rf8+ Ke7 
1/2-1/2